[Event "2026 European Womens Championship"]
[Site "Batumi, GE"]
[Date "2026.06.03"]
[Round "9"]
[White "Hayrapetyan, Nvard"]
[Black "Mgeladze, Kesaria"]
[Result "0-1"]
[Board "57"]
[TimeControl "5400+30"]
[WhiteFideId "13316460"]
[BlackFideId "13621130"]
[WhiteElo "2057"]
[BlackElo "2147"]
[WhiteTitle "WFM"]
[BlackTitle "WIM"]
[WhiteClock "0:01:04"]
[BlackClock "0:02:07"]
[Variant "Standard"]

1. d4 Nf6 2. c4 e6 3. Nc3 Bb4 4. e3 O-O 5. Bd3 d5 6. a3 Bxc3+ 7. bxc3 dxc4 8. Bxc4 c5 9. Nf3 Qa5 10. Bd2 Ne4 11. Qc2 Nxd2 12. Nxd2 Qc7 13. O-O Nd7 14. Rac1 b6 15. Rfe1 Bb7 16. Bd3 h6 17. e4 e5 18. d5 Nf6 19. Qd1 Ne8 20. c4 Nd6 21. Nf1 Rae8 22. Ng3 Bc8 23. Qh5 Bd7 24. Be2 a6 25. Bg4 Ba4 26. Re3 b5 27. cxb5 axb5 28. Nf5 Nxf5 29. Bxf5 Qd6 30. Rg3 c4 31. Rcc3 Qf6 32. Qe2 Ra8 33. Rcf3 Qd6 34. Rg4 Ra6 35. Rfg3 g6 36. Qe3 Kh7 37. Be6 Qb6 38. Qd2 Qd4 39. Qxd4 exd4 40. Bd7 c3 0-1

[Event "2026 European Womens Championship"]
[Site "Batumi, GE"]
[Date "2026.06.03"]
[Round "9"]
[White "Ptacnikova, Lenka"]
[Black "Golsta, Madara"]
[Result "0-1"]
[Board "58"]
[TimeControl "5400+30"]
[WhiteFideId "305650"]
[BlackFideId "11607386"]
[WhiteElo "2126"]
[BlackElo "2023"]
[WhiteTitle "WGM"]
[WhiteClock "0:17:53"]
[BlackClock "0:29:28"]
[Variant "Standard"]

1. Nf3 c5 2. c4 Nc6 3. e3 Nf6 4. d4 cxd4 5. exd4 d5 6. Nc3 g6 7. cxd5 Nxd5 8. Bc4 Nxc3 9. bxc3 Bg7 10. O-O Qc7 11. Be2 O-O 12. Bb2 Na5 13. Qa4 Bd7 14. Qb4 Rfc8 15. c4 Bg4 16. Rac1 Bh6 17. d5 Bxf3 18. Bxf3 Bxc1 19. Rxc1 Nxc4 20. Qc3 Qe5 21. Re1 Qxc3 22. Bxc3 Rc7 23. h4 Nd6 24. Be5 Rac8 25. Bf4 Rc4 26. g3 Nf5 27. Bg4 Kf8 28. Bxf5 gxf5 29. Re5 Ra4 30. Bh6+ Ke8 31. Bg5 f6 32. Bxf6 Re4 0-1

[Event "2026 European Womens Championship"]
[Site "Batumi, GE"]
[Date "2026.06.03"]
[Round "9"]
[White "Lomaia, Diana"]
[Black "Hariharan, Shambavi"]
[Result "1/2-1/2"]
[Board "59"]
[TimeControl "5400+30"]
[WhiteFideId "13612476"]
[BlackFideId "488160"]
[WhiteElo "2110"]
[BlackElo "2008"]
[WhiteTitle "WFM"]
[BlackTitle "WFM"]
[WhiteClock "0:18:46"]
[BlackClock "0:14:29"]
[Variant "Standard"]

1. d4 Nf6 2. c4 e6 3. Nc3 Bb4 4. Nf3 O-O 5. e3 d5 6. Bd3 dxc4 7. Bxc4 c5 8. O-O Nc6 9. a3 Ba5 10. Ne2 cxd4 11. exd4 h6 12. b4 Bc7 13. Bb2 b6 14. Qb3 Bb7 15. Rfd1 Ne7 16. Ne5 Bd5 17. Bxd5 Nfxd5 18. Rac1 a6 19. Qf3 Qe8 20. Qd3 b5 21. Ng3 a5 22. bxa5 Bxa5 23. Qf3 Nf6 24. Ne4 Nxe4 25. Qxe4 Nd5 26. Nc6 Qd7 27. Ne5 Qe7 28. Rc5 Qe8 29. Qe2 b4 30. Nc4 bxa3 31. Nxa5 axb2 1/2-1/2

[Event "2026 European Womens Championship"]
[Site "Batumi, GE"]
[Date "2026.06.03"]
[Round "9"]
[White "Tsetskhladze, Mariam"]
[Black "Nahapetyan, Ani"]
[Result "1-0"]
[Board "60"]
[TimeControl "5400+30"]
[WhiteFideId "13623834"]
[BlackFideId "13317776"]
[WhiteElo "2234"]
[BlackElo "1827"]
[WhiteTitle "WFM"]
[WhiteClock "0:52:03"]
[BlackClock "0:39:27"]
[Variant "Standard"]

1. e4 c5 2. Nf3 d6 3. d4 cxd4 4. Nxd4 Nf6 5. Nc3 a6 6. Bg5 e6 7. f4 Qb6 8. Nb3 Be7 9. Qd2 Nbd7 10. O-O-O O-O 11. g4 Qc7 12. Bd3 b5 13. a3 Nc5 14. Nxc5 Qxc5 15. Bxf6 Bxf6 16. e5 dxe5 17. Ne4 Qd5 18. Nxf6+ gxf6 19. fxe5 Qxe5 20. h4 Kg7 21. Rde1 Qc7 22. Rhf1 Qd8 23. Qc3 Bb7 24. g5 Rc8 25. gxf6+ Kh8 26. Qd2 Rg8 27. Kb1 Rg2 28. Qh6 Qg8 29. Re5 Rg4 30. Rh5 Be4 31. Bxe4 Rxe4 32. Rg5 1-0

[Event "2026 European Womens Championship"]
[Site "Batumi, GE"]
[Date "2026.06.03"]
[Round "9"]
[White "Radikovic, Anamarija"]
[Black "Rodshtein, Tereza"]
[Result "1-0"]
[Board "61"]
[TimeControl "5400+30"]
[WhiteFideId "14546264"]
[BlackFideId "325449"]
[WhiteElo "1974"]
[BlackElo "2218"]
[WhiteTitle "WFM"]
[BlackTitle "WGM"]
[WhiteClock "0:14:56"]
[BlackClock "0:18:05"]
[Variant "Standard"]

1. e4 e5 2. Nf3 Nc6 3. Bb5 a6 4. Ba4 Nf6 5. d3 b5 6. Bb3 Bc5 7. O-O d6 8. a4 Rb8 9. axb5 axb5 10. c3 O-O 11. Be3 Bb6 12. Nbd2 Ne7 13. Bg5 Ng6 14. Nh4 Nxh4 15. Bxh4 h6 16. h3 g5 17. Bg3 Kg7 18. Kh1 Qe7 19. Re1 Be6 20. Nf1 Nd7 21. Bc2 Qf6 22. Ne3 Ra8 23. Qe2 Rh8 24. Qh5 Rxa1 25. Rxa1 Nf8 26. Ra8 Bxe3 27. fxe3 Qf1+ 28. Kh2 Qc1 29. Qd1 Qxe3 30. d4 Ng6 31. Rxh8 Kxh8 32. dxe5 dxe5 33. Bb3 Bxb3 34. Qxb3 Kg7 35. Qd5 h5 36. Bxe5+ Kg8 37. Bxc7 h4 38. Qd8+ Kh7 39. Qe8 Qf2 40. Qxb5 Kh6 41. Qb6 Qe2 42. Qb4 Qf2 43. Qb6 Qe2 44. Qf6 Qxe4 45. Bd6 Qd5 46. c4 Qd1 47. Bf8+ Kh5 48. Qxf7 1-0

[Event "2026 European Womens Championship"]
[Site "Batumi, GE"]
[Date "2026.06.03"]
[Round "9"]
[White "Berke, Ana"]
[Black "Muradyan, Anahit"]
[Result "1-0"]
[Board "62"]
[TimeControl "5400+30"]
[WhiteFideId "14510359"]
[BlackFideId "13314807"]
[WhiteElo "2164"]
[BlackElo "1977"]
[WhiteTitle "WIM"]
[WhiteClock "0:24:00"]
[BlackClock "0:55:27"]
[Variant "Standard"]

1. d4 e6 2. Nc3 d5 3. e4 Nf6 4. Bg5 Bb4 5. e5 h6 6. Bd2 Bxc3 7. Bxc3 Ne4 8. Qg4 O-O 9. Bd3 Nxc3 10. bxc3 c5 11. Nf3 Qa5 12. O-O c4 13. Be2 Qxc3 14. Rae1 Qxc2 15. Bd1 Qg6 16. Qf4 Nc6 17. Qd2 b5 18. Bc2 f5 19. exf6 Qxf6 20. Bb1 Bd7 21. Ne5 Nxe5 22. Rxe5 Qf4 23. Re3 e5 24. Qb4 Qxd4 25. Qd6 Bf5 26. Bxf5 Rxf5 27. Qe6+ Rf7 28. Rxe5 c3 29. Rxd5 Qc4 30. h3 c2 31. Rc1 Raf8 32. f3 Qxa2 33. Qe4 Rf4 34. Qd3 b4 35. Rxc2 Qb1+ 36. Kh2 b3 37. Rc3 Qa2 38. Rd7 b2 39. Rb3 Rxf3 40. Qd5+ Kh8 41. Qe5 R3f7 42. Rxf7 Rxf7 43. Rb8+ Kh7 44. Qe4+ g6 45. Qe8 1-0

[Event "2026 European Womens Championship"]
[Site "Batumi, GE"]
[Date "2026.06.03"]
[Round "9"]
[White "Avelino, Camila Biscaya"]
[Black "Gueci, Tea"]
[Result "1/2-1/2"]
[Board "63"]
[TimeControl "5400+30"]
[WhiteFideId "1938975"]
[BlackFideId "872342"]
[WhiteElo "1937"]
[BlackElo "2160"]
[WhiteTitle "WFM"]
[BlackTitle "WIM"]
[WhiteClock "0:02:18"]
[BlackClock "0:02:18"]
[Variant "Standard"]

1. e4 e5 2. Nf3 Nc6 3. Bb5 a6 4. Ba4 Nf6 5. O-O d6 6. c3 Bd7 7. Re1 g6 8. d4 Bg7 9. dxe5 Nxe5 10. Nxe5 dxe5 11. Bg5 b5 12. Bb3 O-O 13. Nd2 h6 14. Be3 Qe7 15. a4 Bc6 16. Qc2 Ng4 17. Nf1 Bb7 18. f3 Nxe3 19. Nxe3 Qc5 20. Qf2 c6 21. Nc2 Qxf2+ 22. Kxf2 Rfd8 23. axb5 axb5 24. Rxa8 Bxa8 25. Ke2 c5 26. Ne3 c4 27. Bc2 Bf8 28. b3 cxb3 29. Bxb3 h5 30. Ra1 Bc5 31. Bd5 Bxe3 32. Rxa8 Rxa8 33. Bxa8 Bc5 34. Bc6 b4 35. cxb4 Bxb4 36. h3 h4 37. f4 exf4 38. Kf3 g5 39. Bd7 Kg7 40. Bg4 Kf6 41. Bf5 Ke5 42. Bg4 Kd4 43. Bh5 f6 44. e5 Kxe5 1/2-1/2

[Event "2026 European Womens Championship"]
[Site "Batumi, GE"]
[Date "2026.06.03"]
[Round "9"]
[White "Skvortsova, Alena"]
[Black "Demirtas, Hafize"]
[Result "1-0"]
[Board "64"]
[TimeControl "5400+30"]
[WhiteFideId "24166251"]
[BlackFideId "6382070"]
[WhiteElo "2135"]
[BlackElo "1928"]
[WhiteTitle "WFM"]
[WhiteClock "0:02:10"]
[BlackClock "0:01:00"]
[Variant "Standard"]

1. e4 c6 2. Nc3 d5 3. Nf3 dxe4 4. Nxe4 Nf6 5. Qe2 Nxe4 6. Qxe4 Be6 7. Be2 Bd5 8. Qh4 Nd7 9. d4 Qb6 10. O-O f6 11. c4 g5 12. Qg3 Bxf3 13. Bxf3 O-O-O 14. c5 Qc7 15. Qg4 e5 16. d5 cxd5 17. Bxd5 Kb8 18. c6 Nc5 19. Qc4 bxc6 20. Bf3 Rd4 21. Qc2 g4 22. Be2 Rb4 23. Bd2 Rb6 24. Ba5 Ne6 25. Rfd1 Nd4 26. Rxd4 exd4 27. Bxg4 Bd6 28. Bxb6 axb6 29. Qe4 f5 30. Bxf5 Rf8 31. Rc1 c5 32. h3 Qf7 33. g4 Kc7 34. b4 Kb8 35. Qc6 Qc7 36. Qd5 Ka7 37. bxc5 Bxc5 38. Rc4 Ka6 39. Ra4+ Kb5 40. Bd7+ 1-0

[Event "2026 European Womens Championship"]
[Site "Batumi, GE"]
[Date "2026.06.03"]
[Round "9"]
[White "Esadze, Tamari"]
[Black "Donghvani, Nia"]
[Result "1/2-1/2"]
[Board "65"]
[TimeControl "5400+30"]
[WhiteFideId "13611186"]
[BlackFideId "13614649"]
[WhiteElo "1974"]
[BlackElo "2117"]
[BlackTitle "WFM"]
[WhiteClock "1:06:43"]
[BlackClock "1:04:45"]
[Variant "Standard"]

1. e4 c5 2. Nf3 d6 3. d4 cxd4 4. Nxd4 Nf6 5. Nc3 a6 6. Bg5 e6 7. f4 Be7 8. Qf3 Nbd7 9. O-O-O Qc7 10. g4 b5 11. Bxf6 Nxf6 12. g5 Nd7 13. f5 O-O 14. Qh5 b4 15. Rd3 bxc3 16. Rxc3 Qb6 17. Nc6 Bf6 18. e5 g6 19. Qh4 Bxe5 20. Ne7+ Kh8 21. fxg6 fxg6 22. Nxg6+ Kg8 23. Ne7+ Kh8 24. Ng6+ Kg8 25. Ne7+ Kh8 26. Ng6+ Kg8 27. Ne7+ Kh8 28. Ng6+ Kg8 29. Ne7+ Kh8 30. Ng6+ Kg8 31. Ne7+ 1/2-1/2

[Event "2026 European Womens Championship"]
[Site "Batumi, GE"]
[Date "2026.06.03"]
[Round "9"]
[White "Aghaverdiyeva, Maryam"]
[Black "Ashotia, Barbare"]
[Result "1/2-1/2"]
[Board "66"]
[TimeControl "5400+30"]
[WhiteFideId "13452509"]
[BlackFideId "13625187"]
[WhiteElo "2103"]
[BlackElo "1913"]
[WhiteTitle "WFM"]
[WhiteClock "0:13:09"]
[BlackClock "0:06:23"]
[Variant "Standard"]

1. e4 e6 2. d4 d5 3. Nd2 c5 4. Ngf3 cxd4 5. exd5 Qxd5 6. Bc4 Qd6 7. O-O Nf6 8. Nb3 Nc6 9. Nbxd4 Nxd4 10. Nxd4 Be7 11. c3 O-O 12. Qf3 Qc7 13. Bd3 Bd7 14. Re1 Rfd8 15. a4 Rac8 16. a5 Bc6 17. Nxc6 Qxc6 18. Qxc6 Rxc6 19. Bf1 Nd5 20. a6 b6 21. g3 Bc5 22. Bb5 Rcc8 23. Kf1 Kf8 24. Ke2 f6 25. h4 e5 26. h5 g6 27. Kf3 Kg7 28. Ra4 Nc7 29. Bc6 Ne6 30. Bb7 Rd3+ 31. Ke2 Rcd8 32. hxg6 hxg6 33. Rh4 f5 34. Reh1 Kf6 35. Rh7 Bf8 36. Be3 R3d6 37. f4 e4 38. g4 Bg7 39. Rg1 Nf8 40. Rhh1 Ne6 41. Rd1 Rxd1 42. Rxd1 Rxd1 43. g5+ Ke7 44. Kxd1 Nc7 45. Kc2 Kd7 46. Bxb6 axb6 47. a7 Bf8 48. Kd2 Bd6 49. Ke3 Bc5+ 50. Ke2 b5 51. a8=Q Nxa8 52. Bxa8 Bd6 53. Ke3 Bc5+ 54. Ke2 Bd6 55. Ke3 1/2-1/2

[Event "2026 European Womens Championship"]
[Site "Batumi, GE"]
[Date "2026.06.03"]
[Round "9"]
[White "Kalandadze, Mariam"]
[Black "Shuqja, Klean"]
[Result "1-0"]
[Board "67"]
[TimeControl "5400+30"]
[WhiteFideId "13621122"]
[BlackFideId "4701585"]
[WhiteElo "1892"]
[BlackElo "2092"]
[BlackTitle "WFM"]
[WhiteClock "0:21:55"]
[BlackClock "0:01:07"]
[Variant "Standard"]

1. d4 Nf6 2. c4 e6 3. Nf3 d5 4. Nc3 Bb4 5. Bg5 h6 6. Bxf6 Qxf6 7. e3 O-O 8. Rc1 dxc4 9. Bxc4 c5 10. O-O cxd4 11. Ne4 Qe7 12. a3 Ba5 13. Qxd4 Rd8 14. Qc5 Qxc5 15. Nxc5 Nd7 16. Nb3 Bb6 17. Rfd1 a6 18. a4 Nf6 19. Rxd8+ Bxd8 20. Ne5 Ne4 21. Be2 Nd6 22. Bf3 Bf6 23. Nd3 Rb8 24. Nd2 Bd7 25. b3 Rc8 26. Rxc8+ Bxc8 27. Kf1 b5 28. axb5 axb5 29. Nc5 Bc3 30. Nde4 Nxe4 31. Bxe4 e5 32. Ke2 Kf8 33. Bc6 b4 34. Bd7 Bxd7 35. Nxd7+ Ke7 36. Nc5 f5 37. f3 Kd6 38. Na4 Ba1 39. Kd3 Kd5 40. e4+ fxe4+ 41. fxe4+ Kc6 42. Kc4 Bd4 43. Kxb4 h5 44. Kc4 g5 45. b4 g4 46. Nc3 h4 47. h3 gxh3 48. gxh3 Ba7 49. Nd5 Bf2 50. Kd3 Kb5 51. Ke2 Bg3 52. Kf3 Kc4 53. Kg4 Kd4 54. Kf5 Kc4 55. Ne7 Kxb4 56. Nc6+ Kc5 57. Nxe5 Kd4 58. Nf7 Ke3 59. e5 Be1 60. e6 Bb4 61. Kf6 Kf4 62. e7 Bxe7+ 63. Kxe7 Kf5 64. Nd8 Kf4 65. Ne6+ Ke5 66. Kf7 Kf5 67. Ng7+ Kf4 68. Nh5+ Kg5 69. Nf6 Kf4 70. Nh7 Kf5 71. Kg7 Kf4 72. Kg6 Kg3 73. Ng5 1-0

[Event "2026 European Womens Championship"]
[Site "Batumi, GE"]
[Date "2026.06.03"]
[Round "9"]
[White "Gharibyan, Mane"]
[Black "Buyuk, Ecrin Efsa"]
[Result "1-0"]
[Board "68"]
[TimeControl "5400+30"]
[WhiteFideId "13306430"]
[BlackFideId "44505175"]
[WhiteElo "1776"]
[BlackElo "2076"]
[BlackTitle "WFM"]
[WhiteClock "0:00:56"]
[BlackClock "0:01:16"]
[Variant "Standard"]

1. e4 c6 2. d4 d5 3. Nd2 dxe4 4. Nxe4 Nf6 5. Nxf6+ exf6 6. c3 Bd6 7. Bd3 O-O 8. Qc2 Re8+ 9. Ne2 h6 10. Be3 Nd7 11. O-O-O Nf8 12. Kb1 Be6 13. c4 Rc8 14. Qd2 a5 15. Nf4 Bxf4 16. Bxf4 b5 17. Qc3 Nd7 18. c5 Nb8 19. Bd6 Na6 20. a4 b4 21. Qd2 Nc7 22. Rhe1 Qd7 23. Kc2 Nd5 24. f3 b3+ 25. Kc1 Ra8 26. g4 Nb6 27. Bb1 Nxa4 28. Qd3 g6 29. h4 f5 30. h5 Nxb2 31. Kxb2 a4 32. Ka3 Qb7 33. Rd2 Ra5 34. hxg6 fxg6 35. gxf5 Bf7 36. Rxe8+ Bxe8 37. fxg6 Qb5 38. Qxb5 cxb5 39. d5 Ra8 40. c6 1-0

[Event "2026 European Womens Championship"]
[Site "Batumi, GE"]
[Date "2026.06.03"]
[Round "9"]
[White "Tsiganova, Monika"]
[Black "Saltkhutsishvili, Sara"]
[Result "0-1"]
[Board "69"]
[TimeControl "5400+30"]
[WhiteFideId "4500199"]
[BlackFideId "13636995"]
[WhiteElo "2039"]
[BlackElo "1763"]
[WhiteTitle "WIM"]
[WhiteClock "0:02:25"]
[BlackClock "0:02:32"]
[Variant "Standard"]

1. d4 d5 2. c4 e6 3. Nc3 Be7 4. Nf3 Nf6 5. Bf4 O-O 6. e3 c5 7. cxd5 Nxd5 8. Bg3 Nc6 9. Bd3 cxd4 10. exd4 Qb6 11. O-O Qxb2 12. Nb5 Qb4 13. Rb1 Qa5 14. Nd6 Nc3 15. Qc2 Nxb1 16. Bxh7+ Kh8 17. Rxb1 Nb4 18. Qd2 Kxh7 19. Rxb4 Qd5 20. Rb5 Qc6 21. Rh5+ Kg8 22. Rc5 Qd7 23. Ne4 Bxc5 24. Nxc5 Qb5 25. h4 b6 26. Nd3 Ba6 27. Nde5 f6 28. Ng4 Rac8 29. Qf4 Qf5 30. Qxf5 exf5 31. Ne3 Rc1+ 32. Kh2 Ra1 33. a3 Rd8 34. Nxf5 Bb7 35. Nd2 Bd5 36. h5 Rxa3 37. h6 gxh6 38. Nxh6+ Kf8 39. Bh4 Kg7 40. Nf5+ Kg6 41. g4 Be6 42. Ne3 Rxd4 43. Nc2 Rxg4 44. Nxa3 Rxh4+ 45. Kg2 Rd4 46. Nf1 Rd3 47. Nb5 Bh3+ 0-1

[Event "2026 European Womens Championship"]
[Site "Batumi, GE"]
[Date "2026.06.03"]
[Round "9"]
[White "Tsirulnik, Maritsa"]
[Black "Danielyan, Lilia"]
[Result "0-1"]
[Board "70"]
[TimeControl "5400+30"]
[WhiteFideId "14118688"]
[BlackFideId "13319841"]
[WhiteElo "2028"]
[BlackElo "1728"]
[WhiteTitle "WFM"]
[WhiteClock "0:03:03"]
[BlackClock "0:10:33"]
[Variant "Standard"]

1. Nf3 Nf6 2. c4 c5 3. Nc3 d6 4. d4 cxd4 5. Nxd4 Nc6 6. e4 g6 7. Be2 Bg7 8. Be3 O-O 9. O-O Bd7 10. Nc2 Rc8 11. Rc1 Ne5 12. b3 b5 13. f4 Neg4 14. Bxa7 Qa5 15. Bd4 e5 16. fxe5 dxe5 17. b4 Qa8 18. Bc5 Rfd8 19. Bb6 bxc4 20. h3 Ba4 21. Bxd8 Rxd8 22. Qe1 Bxc2 23. hxg4 Bd3 24. g5 Nh5 25. Bxd3 cxd3 26. Qe3 Nf4 27. Kh2 d2 28. Rc2 Rd3 29. Qb6 Qc8 30. Qf2 Rxc3 31. Rxd2 Bf8 32. Qh4 Qc4 33. Rdf2 Rc2 34. a3 Ra2 35. Rxa2 Qxf1 36. Qf2 Qb1 37. Qc2 Qe1 38. g3 Ne6 39. Qe2 Qc1 40. Qd2 Qc4 41. Qd5 Qc3 42. Qd2 Qb3 43. Qb2 Qe3 44. Qxe5 Nxg5 45. Qf4 Qb3 46. Rf2 h6 47. e5 Qe6 48. Re2 Bg7 49. Re3 Bxe5 50. Qf1 Qd5 51. Qg2 Qd4 52. Qe2 Qh4+ 53. Kg1 Bxg3 54. Qg2 Nh3+ 55. Kf1 Qc4+ 56. Re2 Qc1+ 0-1

[Event "2026 European Womens Championship"]
[Site "Batumi, GE"]
[Date "2026.06.03"]
[Round "9"]
[White "Kalyoncu, Beren"]
[Black "Vakhania, Aleksandra"]
[Result "1-0"]
[Board "71"]
[TimeControl "5400+30"]
[WhiteFideId "51608383"]
[BlackFideId "13602560"]
[WhiteElo "1840"]
[BlackElo "2079"]
[WhiteTitle "WCM"]
[BlackTitle "WIM"]
[WhiteClock "0:31:04"]
[BlackClock "0:14:42"]
[Variant "Standard"]

1. e4 d5 2. exd5 Qxd5 3. Nc3 Qd6 4. d4 Nf6 5. Nf3 a6 6. g3 Bg4 7. Bg2 e6 8. O-O Nc6 9. h3 Bxf3 10. Qxf3 Be7 11. Bf4 Qd7 12. Rad1 O-O 13. d5 exd5 14. Nxd5 Nxd5 15. Qxd5 Qc8 16. Qd7 Bf6 17. Bxc6 bxc6 18. b3 Ra7 19. Rfe1 h6 20. Qxc8 Rxc8 21. Re4 a5 22. a4 g5 23. Be3 Ra6 24. Rd7 c5 25. Rd5 c6 26. Rxc5 Rd8 27. Kf1 Rd1+ 28. Ke2 Rh1 29. Rec4 Rxh3 30. Rxc6 Rxc6 31. Rxc6 Kg7 32. Rc5 Bd8 33. Bd2 Rh1 34. Bxa5 Be7 35. Rd5 Rc1 36. c4 h5 37. Bd2 Rb1 38. b4 h4 39. gxh4 gxh4 40. b5 Kg6 41. Kf3 h3 42. Kg3 Rh1 43. a5 h2 44. Kg2 Rf1 45. Kxh2 Rxf2+ 46. Kg3 Rf1 47. b6 Rb1 48. Bf4 Rb3+ 49. Kg2 Rb4 50. Rb5 Rxc4 51. b7 1-0

[Event "2026 European Womens Championship"]
[Site "Batumi, GE"]
[Date "2026.06.03"]
[Round "9"]
[White "Rusitashvili, Tea"]
[Black "Rekhviashvili, Mariam"]
[Result "1-0"]
[Board "72"]
[TimeControl "5400+30"]
[WhiteFideId "13640771"]
[BlackFideId "13635859"]
[WhiteElo "1929"]
[BlackElo "1836"]
[WhiteTitle "WCM"]
[WhiteClock "0:29:12"]
[BlackClock "0:24:10"]
[Variant "Standard"]

1. e4 e6 2. d4 d5 3. Nd2 dxe4 4. Nxe4 Nd7 5. Nf3 Ngf6 6. Nxf6+ Nxf6 7. Bg5 Be7 8. Bd3 O-O 9. Qe2 c5 10. dxc5 Qa5+ 11. c3 Qxc5 12. O-O-O Nd5 13. Bxe7 Nxe7 14. h4 Nd5 15. Ng5 h6 16. Qf3 Bd7 17. Ne4 Qc7 18. Kb1 Bc6 19. Qh3 Qb6 20. Ka1 Nf4 21. Qg3 Nxd3 22. Qxd3 Bxe4 23. Qxe4 Qxf2 24. Rhf1 Qb6 25. g4 Rad8 26. Qf4 Rxd1+ 27. Rxd1 Rd8 28. Rf1 Rd7 29. Qf3 Qd6 30. a3 a6 31. Rg1 Qd5 32. Qe2 Qd3 33. Qe5 Qf3 34. Qe1 Qd5 35. Qe2 Qd2 36. Qf3 Qd3 37. Qf4 Qe2 38. Qc1 Rd2 39. Ka2 Rc2 40. Qb1 b5 41. Rh1 Qc4+ 42. Ka1 Qe2 43. Re1 Qg2 44. Rg1 Qe4 45. Re1 Qa4 46. Rd1 b4 47. Rd8+ Kh7 48. Rd4 a5 49. cxb4 axb4 50. Rc4 f5 51. Qxc2 1-0

[Event "2026 European Womens Championship"]
[Site "Batumi, GE"]
[Date "2026.06.03"]
[Round "9"]
[White "Koghuashvili, Tekla"]
[Black "Chkhartishvili, Lika"]
[Result "0-1"]
[Board "73"]
[TimeControl "5400+30"]
[WhiteFideId "13621564"]
[BlackFideId "13635166"]
[WhiteElo "1921"]
[BlackElo "1822"]
[WhiteClock "0:21:36"]
[BlackClock "0:14:37"]
[Variant "Standard"]

1. d4 d5 2. c4 e6 3. Nf3 Nf6 4. Nc3 Nbd7 5. Bf4 a6 6. cxd5 exd5 7. e3 Bb4 8. Bd3 O-O 9. O-O Nb6 10. h3 Bd6 11. Ne5 Be6 12. Bg5 h6 13. Bh4 Be7 14. Bb1 Re8 15. f4 Nc4 16. Nxc4 dxc4 17. e4 Nxe4 18. Bxe4 Bxh4 19. Bxb7 Rb8 20. Bxa6 c6 21. f5 Bd5 22. Nxd5 cxd5 23. b4 Rxb4 24. Rb1 Rxb1 25. Qxb1 Qf6 26. Bb5 Qxd4+ 27. Kh1 Re2 28. Bc6 Rb2 29. Qd1 Rd2 30. Qf3 c3 31. Rc1 c2 32. Kh2 Rd1 0-1

[Event "2026 European Womens Championship"]
[Site "Batumi, GE"]
[Date "2026.06.03"]
[Round "9"]
[White "Manukyan, Tamara"]
[Black "Giorgadze, Mariam Ere"]
[Result "1/2-1/2"]
[Board "74"]
[TimeControl "5400+30"]
[WhiteFideId "13321307"]
[BlackFideId "13636839"]
[WhiteElo "1707"]
[BlackElo "1909"]
[WhiteClock "0:21:22"]
[BlackClock "0:29:22"]
[Variant "Standard"]

1. e4 c5 2. Nf3 d6 3. c3 Nf6 4. Qc2 g6 5. d4 Bg7 6. Bd3 O-O 7. O-O Qc7 8. d5 Nbd7 9. c4 Ng4 10. Nc3 Nge5 11. Nxe5 Nxe5 12. f4 Nxd3 13. Qxd3 f5 14. Re1 Bd7 15. Qe2 fxe4 16. Nxe4 Rae8 17. Ng5 h6 18. Ne6 Bxe6 19. Qxe6+ Kh7 20. Rb1 Bd4+ 21. Be3 Rxf4 22. Bxd4 cxd4 23. Rf1 Ref8 24. Rxf4 Rxf4 25. b3 Kg7 26. Rf1 Rxf1+ 27. Kxf1 b5 28. Qe4 bxc4 29. Qxd4+ Kf7 30. bxc4 Qb7 31. Qf4+ Ke8 32. Qe4 g5 33. Qg6+ Kd8 34. Qg8+ Kc7 35. Qh7 Kb6 36. Qxh6 Kc5 37. Qxg5 Kxc4 38. Qf4+ Kd3 39. Qf3+ Kd4 40. Qf4+ Kd3 41. Qf5+ Kd4 42. Qf2+ Kd3 43. Qe2+ Kd4 44. h4 Qb1+ 45. Kf2 Kxd5 46. g4 e5 47. h5 Ke6 48. Kg3 Qg1+ 49. Kh4 Qh1+ 50. Kg5 Qc1+ 51. Kg6 Qf4 52. h6 Qf7 53. Kg5 Qf4+ 1/2-1/2

[Event "2026 European Womens Championship"]
[Site "Batumi, GE"]
[Date "2026.06.03"]
[Round "9"]
[White "Damaso Tacoronte, Carolina"]
[Black "Asatiani, Natali"]
[Result "1/2-1/2"]
[Board "75"]
[TimeControl "5400+30"]
[WhiteFideId "2292858"]
[BlackFideId "13636715"]
[WhiteElo "1890"]
[BlackElo "1603"]
[WhiteClock "0:00:38"]
[BlackClock "0:03:33"]
[Variant "Standard"]

1. d4 Nf6 2. c4 e6 3. Nc3 d5 4. cxd5 exd5 5. Bg5 Be7 6. Nf3 O-O 7. e3 c6 8. Bd3 h6 9. Bh4 Re8 10. Qc2 Nbd7 11. O-O Ne4 12. Bxe7 Qxe7 13. Rab1 f5 14. Ne2 Qd6 15. b4 a6 16. Rfc1 Ndf6 17. Ne5 Nd7 18. Nf3 Ndf6 19. Ne5 Nd7 20. Nxd7 Bxd7 21. a4 Qe7 22. Nf4 Qf6 23. b5 axb5 24. axb5 Reb8 25. Ra1 g5 26. bxc6 bxc6 27. Ne2 h5 28. h3 h4 29. Rxa8 Rxa8 30. Rb1 Qd8 31. Bxe4 fxe4 32. Qc5 Qf6 33. Qc2 Rf8 34. Rf1 Qd6 35. Qb2 Qc7 36. Qb4 Rf7 37. Rc1 Qd8 38. Qd6 Qf6 39. Qxf6 Rxf6 40. Nc3 Rf8 41. Na4 Rf7 42. Nb6 Be8 43. Na4 Bd7 44. Nc5 Bc8 45. Rb1 Rc7 46. Rb8 Kf7 47. Kh2 Bf5 48. Rb7 Rxb7 49. Nxb7 Bd7 50. Nc5 Bc8 51. Kg1 Kf6 52. Kf1 g4 53. hxg4 Bxg4 54. Kg1 h3 55. Na6 Ke7 56. gxh3 Bxh3 57. Nc5 Bg4 58. Kh2 Kd6 59. Kg3 Bf3 60. Kf4 Bg2 61. Nb3 Bf1 62. Kg5 Be2 63. Kf5 Bf1 64. Nc5 Bh3+ 65. Kf4 Bg2 66. Nb3 Bf3 67. Nd2 Be2 68. Kf5 Bd1 69. Kf4 Be2 70. Nb3 Bd1 71. Nc5 Bf3 72. Kf5 Bg2 1/2-1/2

[Event "2026 European Womens Championship"]
[Site "Batumi, GE"]
[Date "2026.06.03"]
[Round "9"]
[White "Xing, Lida"]
[Black "Khairova, Evelina"]
[Result "0-1"]
[Board "76"]
[TimeControl "5400+30"]
[WhiteFideId "13326171"]
[BlackFideId "2845768"]
[WhiteElo "1598"]
[BlackElo "1880"]
[WhiteClock "0:18:34"]
[BlackClock "0:02:02"]
[Variant "Standard"]

1. e4 c6 2. d4 d5 3. exd5 cxd5 4. Nf3 Nc6 5. Ne5 e6 6. c3 g6 7. Nd2 Bg7 8. Ndf3 Nge7 9. Bd3 O-O 10. h4 f6 11. Nxc6 Nxc6 12. Be3 e5 13. Bc2 e4 14. Ng1 f5 15. g3 Na5 16. Qe2 Nc4 17. Bb3 Nxe3 18. fxe3 Qd6 19. Qf2 a5 20. a4 Be6 21. Nh3 h6 22. Kf1 f4 23. gxf4 Qd7 24. Qg3 Ra6 25. Qg2 Rb6 26. Bd1 Bxh3 27. Qxh3 Qxh3+ 28. Rxh3 g5 29. hxg5 hxg5 30. Bg4 gxf4 31. Rb1 Rg6 32. Bd7 fxe3+ 33. Ke2 Rg2+ 34. Kxe3 Bh6+ 0-1

[Event "2026 European Womens Championship"]
[Site "Batumi, GE"]
[Date "2026.06.03"]
[Round "9"]
[White "Recica, Jona"]
[Black "Kedelidze, Aneta"]
[Result "1/2-1/2"]
[Board "78"]
[TimeControl "5400+30"]
[WhiteFideId "22105239"]
[BlackFideId "13626191"]
[WhiteElo "1842"]
[BlackElo "1676"]
[WhiteClock "0:31:22"]
[BlackClock "0:00:43"]
[Variant "Standard"]

1. e4 c5 2. Nc3 d6 3. f4 g6 4. Nf3 Bg7 5. Bb5+ Bd7 6. Bxd7+ Qxd7 7. d3 Nc6 8. O-O e6 9. Ne2 Nge7 10. c3 d5 11. Qe1 O-O 12. Qh4 c4 13. dxc4 dxc4 14. Ng3 f5 15. Be3 fxe4 16. Ng5 h6 17. N5xe4 Nf5 18. Nxf5 exf5 19. Rad1 Qe6 20. Bc5 fxe4 21. Bxf8 Rxf8 22. Qf2 e3 23. Qe2 Re8 24. Rf3 Bf8 25. h3 h5 26. f5 gxf5 27. Rg3+ Bg7 28. Qxh5 e2 29. Re1 f4 30. Rg6 Qe3+ 31. Kh2 f3 32. Qd5+ Kf8 33. Qf5+ Kg8 34. Qd5+ Kh7 35. Qh5+ Kg8 36. Qd5+ Kh7 37. Qh5+ Kg8 38. Qd5+ Kh7 1/2-1/2